 Dungeon Sprint DCSS version 0.31.0-9-g3a7656b989 (webtiles) character file.

Game seed: 11210132485021814394

309 Heoruswealwe the Spear-Bearer (level 6, -2/62 HPs)
             Began as a Minotaur Fighter on Feb 2, 2024.
             Was an Initiate of Gozag.
             Slain by a hornet (10 damage)
             ... in the Dungeon (Sprint IX: "|||||||||||||||||||||||||||||").
             The game lasted 00:01:12 (113 turns).

Heoruswealwe the Spear-Bearer (Minotaur Fighter)     Turns: 113, Time: 00:01:13

Health: -2/62      AC:  8    Str: 22    XL:     6   Next: 17%
Magic:  5/5        EV:  9    Int:  5    God:    Gozag
Gold:   0          SH:  4    Dex: 10    Spells: 5/5 levels left

rFire   . . .        a - +0 trident
rCold   . . .        d - +0 buckler
rNeg    . . .        c - +0 scale mail
rPois   .            (helmet restricted)
rElec   .            (no cloak)
rCorr   .            (no gloves)
SInv    .            (no boots)
Will    .....        (no amulet) Stlth
                     (no ring)
HPRegen 0.30/turn    (no ring)
MPRegen 0.09/turn

%: no teleportation
@: lethally poisoned (-2 -> -8), slowed, very slow
A: horns 2, retaliatory headbutt
a: Renounce Religion, Potion Petition, Call Merchant, Bribe Branch


You were in the Dungeon.
You worshipped Gozag.
Gozag was noncommittal.
You visited 1 branch

Inventory:

Hand Weapons
 a - a +0 trident (weapon)
Armour
 c - a +0 scale mail (worn)
 d - a +0 buckler (worn)
Jewellery
 l - a +3 ring of dexterity
 m - a +3 ring of dexterity
Wands
 k - a wand of roots (10)
Scrolls
 h - 2 scrolls of amnesia
 j - 2 scrolls of blinking
Potions
 b - a potion of might
 e - 5 potions of curing
 f - 3 potions of heal wounds
 g - a potion of haste
 i - a potion of berserk rage


   Skills:
 + Level 8.6 Fighting
 * Level 11.2 Polearms
 + Level 8.6 Armour
 - Level 3.6 Shields


You had 5 spell levels left.
You didn't know any spells.
Your spell library was empty.

Dungeon Overview and Level Annotations

Branches:
Dungeon (1/1)

Altars:
Cheibriados
Dithmenos
Elyvilon
Fedhas
Gozag
Hepliaklqana
Kikubaaqudgha
Makhleb
Nemelex Xobeh
Okawaru
Qazlal
Ru
Sif Muna
Trog
Uskayaw
Vehumet
Wu Jian
Xom
Yredelemnul
Zin
The Shining One
Jiyva
Lugonu


Innate Abilities, Weirdness & Mutations

You have a pair of horns on your head.
You reflexively headbutt those who attack you in melee.


Message History

You feel yourself speed up. The hornet stings you.
You feel yourself slow down. You block the hornet's attack.
You hit the hornet but do no damage. Your headbutt misses the hornet.
The hornet is moderately wounded.
The hornet stings you.
You feel as though you will be slow longer.
The hornet barely misses you. You furiously retaliate!
You headbutt the hornet, but do no damage.
You miss the hornet. Your headbutt misses the hornet.
The hornet is lightly wounded.
The hornet stings you.
You feel as though you will be slow longer.
You closely miss the hornet. Your headbutt misses the hornet.
The hornet is lightly wounded.
The hornet barely misses you.
The howler monkey hoots and howls with incredible vigour!
You block the hornet's attack.
You hit the hornet but do no damage.
The hornet is lightly wounded.
The hornet stings you!
You feel as though you will be slow longer.
You miss the hornet. Your headbutt misses the hornet.
The hornet is lightly wounded.
The hornet barely misses you. The hornet stings you!
You feel as though you will be slow longer.
You barely miss the hornet.
The hornet is lightly wounded.
The hornet stings you!
* * * LOW HITPOINT WARNING * * *
You are poisoned.
You feel as though you will be slow longer.
The hornet stings you but does no damage.
You puncture the hornet! Your headbutt misses the hornet.
The hornet is heavily wounded.
* * * LOW HITPOINT WARNING * * *
You feel very sick. The hornet stings you!
You die...
Your body crumbles into a pile of gold. ▓▓▓▓▓▓▓▓▓▓▓▓▓▓▓▓▓▓▓▓▓▓▓▓ .hDyYTy@.[[[.).!'_______ ▓▓▓▓▓▓▓▓▓▓▓▓▓▓▓▓▓▓▓▓▓▓▓▓

You could see a yak, a troll, a hornet, a steam dragon, a vampire mosquito and a howler monkey.

Vanquished Creatures
  A water moccasin (D)
  A phantom (D)
  2 scorpions (D)
  An ufetubus (D)
  A bat (D)
  An endoplasm (D)
  A giant cockroach (D)
  A hobgoblin (D)
  A kobold (D)
10 creatures vanquished.

Notes
Turn   | Place    | Note
-------+----------+-------------------------------------------
     0 | D        | Heoruswealwe the Minotaur Fighter began the quest for the
                  | Orb.
     0 | D        | Reached XP level 1. HP: 19/19 MP: 0/0
     6 | D        | Reached skill level 3 in Polearms
    22 | D        | Noticed a scorpion
    22 | D        | Noticed a phantom
    22 | D        | Noticed a scorpion
    22 | D        | Noticed a water moccasin
    26 | D        | Killed a water moccasin
    27 | D        | Reached skill level 8 in Polearms
    27 | D        | Reached XP level 2. HP: 30/31 MP: 1/1
    27 | D        | Reached XP level 3. HP: 37/38 MP: 2/2
    27 | D        | Reached XP level 4. HP: 44/45 MP: 3/3
    32 | D        | Killed a scorpion
    33 | D        | Reached skill level 9 in Polearms
    33 | D        | Reached XP level 5. HP: 52/52 MP: 4/4
    38 | D        | Killed a phantom
    39 | D        | Reached skill level 10 in Polearms
    45 | D        | Reached skill level 11 in Polearms
    45 | D        | Reached XP level 6. HP: 44/62 MP: 5/5
    51 | D        | Found a snail-covered altar of Cheibriados.
    51 | D        | Found a shadowy altar of Dithmenos.
    51 | D        | Found a white marble altar of Elyvilon.
    51 | D        | Found a blossoming altar of Fedhas.
    51 | D        | Found an opulent altar of Gozag.
    52 | D        | Found a hazy altar of Hepliaklqana.
    53 | D        | Found a viscous altar of Jiyva.
    54 | D        | Found an ancient bone altar of Kikubaaqudgha.
    55 | D        | Found a corrupted altar of Lugonu.
    56 | D        | Found a burning altar of Makhleb.
    57 | D        | Found a sparkling altar of Nemelex Xobeh.
    58 | D        | Found an iron altar of Okawaru.
    59 | D        | Found a stormy altar of Qazlal.
    60 | D        | Found a sacrificial altar of Ru.
    65 | D        | Became a worshipper of Gozag Ym Sagoz the Greedy
    68 | D        | Found a shimmering blue altar of Sif Muna.
    69 | D        | Found a bloodstained altar of Trog.
    70 | D        | Found a hide-covered altar of Uskayaw.
    71 | D        | Found a radiant altar of Vehumet.
    72 | D        | Found an ornate altar of the Wu Jian Council.
    73 | D        | Found a shimmering altar of Xom.
    74 | D        | Found a basalt altar of Yredelemnul.
    75 | D        | Found a glowing silver altar of Zin.
    76 | D        | Found a glowing golden altar of the Shining One.
   102 | D        | Noticed a steam dragon
   102 | D        | Noticed a vampire mosquito
   102 | D        | Noticed a yak
   102 | D        | Noticed a troll
   102 | D        | Noticed a hornet
   113 | D        | Slain by a hornet

Illustrated notes

Levels and vault maps discovered:
D:        linesprint [early_d, line_temple, items_1, d_10, items_2, lair_1,
          lair_end, items_3, orc_1, orc_end, items_4, d_15, swamp_1, shoals_1,
          snake_1, spider_1, d_20, vaults_1, items_5, swamp_end, shoals_end,
          snake_end, spider_end, vaults_end, d_27, items_6, zot_1, zot_end,
          crypt_end, forest_end, elf_end, slime_end, tomb_end, abyss_end,
          pan_hell_end]

Skill      XL: |  1  2  3  4  5 |
---------------+----------------+-----
Polearms       | 8 9 11 | 11.2
Fighting       | 6 7 8 |  8.6
Armour         | 6 7 8 |  8.6
Shields        | |  3.6

Action                     |  1- 3 |  4- 6 || total
---------------------------+-------+-------++-------
  Melee: Trident           |    16 |    29 ||    45
         Headbutt          |     4 |     2 ||     6
 Armour: Scale mail        |     9 |    19 ||    28
  Dodge: Dodged            |     5 |     6 ||    11
  Block: Buckler           |     4 |     6 ||    10
